 Dungeon Crawl Stone Soup version 0.29-a0-993-g4a18f31a58 (webtiles) character file.

Game seed: 11298300848290516388

20538 porpoise the Carver (level 12, -2/112 HPs)
             Began as a Hill Orc Fighter on Aug 3, 2022.
             Was a Believer of the Shining One.
             Slain by a wyvern (13 damage)
             ... on level 2 of the Lair of Beasts.
             The game lasted 00:45:44 (17269 turns).

porpoise the Carver (Hill Orc Fighter)             Turns: 17269, Time: 00:45:46

Health: -2/112     AC:  8    Str: 20    XL:     12   Next: 80%
Magic:  17/17      EV: 11    Int:  8    God:    the Shining One [**....]
Gold:   968        SH:  7    Dex: 14    Spells: 11/11 levels left

rFire   . . .      SeeInvis .   a - +1 scimitar (elec)
rCold   . . .      Faith    .   c - +1 buckler
rNeg    + + .      Spirit   .   C - +2 scale mail {Will+}
rPois   .          Reflect  .   B - +0 helmet
rElec   .          Harm     .   F - +0 cloak
rCorr   .          Rampage  .   n - +0 pair of gloves
Will    +....                   M - +0 pair of boots
Stlth   ..........              (no amulet)
HPRegen 0.28/turn               e - ring of positive energy
MPRegen 0.15/turn               y - +4 ring of protection

@: corroded, glowing
A: noise suppression
a: Renounce Religion, Divine Shield


You were on level 2 of the Lair of Beasts.
You worshipped the Shining One.
The Shining One was pleased with you.
You visited 3 branches of the dungeon, and saw 14 of its levels.

You collected 968 gold pieces.

Inventory:

Hand Weapons
 a - a +1 scimitar of electrocution (weapon)
 b - a +0 sling
 H - a +2 dagger of speed
Missiles
 s - 43 poisoned darts (quivered)
 z - a throwing net
 V - 8 boomerangs
Armour
 c - a +1 buckler (worn)
 n - a +0 pair of gloves (worn)
 o - +0 steam dragon scales
 B - a +0 helmet (worn)
 C - a +2 scale mail of willpower (worn)
 F - a +0 cloak (worn)
 M - a +0 pair of boots (worn)
 U - a +0 troll leather armour
Magical Staves
 g - a staff of fire
 r - a staff of conjuration
Jewellery
 d - a ring of magical power
 e - a ring of positive energy (left hand)
 m - a +6 ring of dexterity
 y - a +4 ring of protection (right hand)
 J - a ring of fire
 L - a ring of see invisible
 N - a ring of flight
 S - a +6 ring of strength
 W - a ring of resist corrosion
Wands
 j - a wand of polymorph (10)
 x - a wand of charming (3)
 P - a wand of flame (6)
Scrolls
 i - a scroll of poison
 l - 2 scrolls of brand weapon
 q - 4 scrolls of butterflies
 u - 3 scrolls of teleportation
 E - 2 scrolls of torment
 G - a scroll of immolation
 I - 2 scrolls of vulnerability
 K - a scroll of enchant weapon
 T - a scroll of silence
 Y - a scroll of identify
Potions
 f - 4 potions of brilliance
 h - 2 potions of ambrosia
 k - 2 potions of attraction
 t - 3 potions of curing
 v - 2 potions of lignification
 w - 4 potions of resistance
 A - 3 potions of flight
 D - a potion of heal wounds {unknown}
 O - a potion of magic {unknown}
 R - a potion of berserk rage {unknown}
 X - a potion of mutation


   Skills:
 + Level 12.2 Fighting
 - Level 14.0 Long Blades
 - Level 9.0 Armour
 + Level 4.8 Dodging
 - Level 9.0 Shields
 + Level 7.7 Invocations


You had 11 spell levels left.
You didn't know any spells.
Your spell library contained the following spells:

 Spells                   Type           Power      Damage    Failure   Level
 Apportation              Tloc           0%         N/A       78%         1
 Necrotise                Necr           0%         1d4       78%         1
 Sandblast                Erth           0%         2d4       78%         1
 Summon Small Mammal      Summ           0%         N/A       78%         1
 Blink                    Tloc           0%         N/A       89%         2
 Passwall                 Tmut/Erth      0%         N/A       89%         2
 Call Canine Familiar     Summ           0%         N/A       98%         3
 Spider Form              Tmut/Pois      0%         N/A       98%         3
 Stone Arrow              Conj/Erth      0%         3d7       98%         3
 Summon Guardian Golem    Hex/Summ       0%         N/A       98%         3
 Anguish                  Hex/Necr       0%         N/A       100%        4
 Corpse Rot               Necr/Pois/Air  0%         N/A       100%        4
 Fireball                 Conj/Fire      0%         3d3       100%        5
 Iskenderun's Battlesphe  Conj           0%         2d6       100%        5
 Manifold Assault         Tloc           0%         N/A       100%        5
 Conjure Ball Lightning   Conj/Air       0%         3x3d6     100%        6
 Enfeeble                 Hex            0%         N/A       100%        7
 Orb of Destruction       Conj           0%         9d5       100%        7
 Storm Form               Tmut/Air       0%         N/A       100%        7


Dungeon Overview and Level Annotations

Branches:
Dungeon (11/15)            Temple (1/1) D:5            Lair (2/5) D:9
  Swamp (0/4) Lair:2          Orc (0/2) D:10
  Snake: Lair:2-3    Spider: Lair:2-3

Altars:
Ashenzari
Cheibriados
Dithmenos
Elyvilon
Fedhas
Gozag
Hepliaklqana
Kikubaaqudgha
Makhleb
Nemelex Xobeh
Okawaru
Qazlal
Ru
Sif Muna
Trog
Uskayaw
Vehumet
Wu Jian
Xom
Yredelemnul
Zin
The Shining One

Shops:
D:7 =   D:9 *

Annotations:
D:11 3 runed translucent doors, Yogidamonk's ghost, journeyman MiBe
Lair:2 exclusion: oklob plant


Innate Abilities, Weirdness & Mutations

You passively dampen the noise of your surroundings.


Message History

The will-o-the-wisp gives a chilling moan.
A wyvern comes into view.
The wyvern moves out of view.
The wyvern hisses angrily.
The oklob plant spits acid at you. The splash of acid hits you.
The acid corrodes you!
The will-o-the-wisp blinks!
The oklob plant spits acid at you. The splash of acid hits you!!
The acid corrodes you!
You hit the oklob plant but do no damage.
The will-o-the-wisp barely misses you. The wyvern closely misses you.
You hit the oklob plant but do no damage.
The wyvern bites you!
The will-o-the-wisp engulfs you but does no damage.
You hit the oklob plant but do no damage.
The wyvern closely misses you.
The will-o-the-wisp gestures.
The will-o-the-wisp conjures some foxfire! 2 foxfires come into view.
You slash the oklob plant!
Lightning courses through the oklob plant!
The oklob plant is heavily damaged.
The foxfire hits you! The wyvern barely misses you.
You hit the oklob plant.
Lightning courses through the oklob plant!
The oklob plant is severely damaged.
You block the wyvern's attack. You block the will-o-the-wisp's attack.
You slash the oklob plant!
The oklob plant is severely damaged.
You block the wyvern's attack. The oklob plant spits acid at you.
The splash of acid hits you!!
* * * LOW HITPOINT WARNING * * *
The will-o-the-wisp blinks!
The wyvern barely misses you.
You hit the oklob plant but do no damage.
The oklob plant is severely damaged.
The foxfire hits you!
* * * LOW HITPOINT WARNING * * *
The oklob plant spits acid at you. You block the splash of acid.
The wyvern bites you!
You die...

P....^..§§§
#......§§v##
##.......§§§
#P......§§§
#.....§§##
#..§.....# ##
#P§l...####.# ###
##.@.........# #..
#............#####..
##...........##.....
##.(###............
#### ###..#.......
#####........ #.#
##...†...
##.###........
#P............


You could see an oklob plant, a will-o-the-wisp and a wyvern.

Vanquished Creatures
  A boulder beetle (D:11)
  A hydra (Lair:1)
  2 two-headed ogres (D:11)
  A black mamba (Lair:1)
  8 centaur zombies (D:10)
  A cane toad (Lair:1)
  2 rime drakes (Lair:1)
  3 unseen horrors
  A kobold demonologist (D:8)
  3 komodo dragons
  4 trolls
  Prince Ribbit (D:6)
  A hornet (D:11)
  9 blink frogs (Lair:1)
  Sigmund (D:5)
  A vampire (D:10)
  2 shadows
  A wraith (D:10)
  2 wyverns (D:8)
  22 yaks
  A basilisk (Lair:2)
  4 steam dragons
  3 water moccasins
  A sky beast (D:5)
  2 black bears
  2 ice beasts
  3 orc warriors
  3 ogres
  4 wolves (Lair:1)
  4 centaurs
  2 kobold brigands
  A gnoll sergeant (D:4)
  5 necrophages
  9 bullfrogs
  8 wights
  4 killer bees
  A howler monkey (D:5)
  A human zombie (D:10)
  4 hounds
  2 jellies
  6 orc priests
  4 gnoll boudas
  3 iguanas
  8 orc wizards
  A howler monkey zombie (D:10)
  26 gnolls
  6 adders
  A shadow imp (D:6)
  2 white imps
  4 worms
  A dart slug (D:5)
  39 orcs
  6 endoplasms
  4 giant cockroaches
  6 goblins
  12 hobgoblins
  10 jackals
  4 quokkas
  7 ball pythons
  2 bats
  2 frilled lizards
  26 kobolds
  2 rats
  A spectral kobold (D:4)
314 creatures vanquished.

Vanquished Creatures (collateral kills)
  A yak (Lair:2)
  A bullfrog (Lair:2)
2 creatures vanquished.

Vanquished Creatures (others)
  A cane toad (Lair:2)
  A komodo dragon (Lair:2)
  2 yaks
  An orc (D:9)
  2 foxfires (Lair:2)
  A fungus (Lair:1)
  2 plants (Lair:1)
10 creatures vanquished.

Grand Total: 326 creatures vanquished

Notes
Turn   | Place    | Note
-------+----------+-------------------------------------------
     0 | D:1      | porpoise the Hill Orc Fighter began the quest for the Orb.
     0 | D:1      | Reached XP level 1. HP: 19/19 MP: 1/1
   351 | D:1      | Reached XP level 2. HP: 26/27 MP: 2/2
   701 | D:1      | Reached skill level 3 in Long Blades
  1387 | D:2      | Reached XP level 3. HP: 20/33 MP: 3/3
  2322 | D:3      | Found a faded altar of an unknown god.
  2794 | D:3      | Reached skill level 4 in Long Blades
  2794 | D:3      | Reached XP level 4. HP: 41/41 MP: 4/4
  3372 | D:3      | Found a shimmering blue altar of Sif Muna.
  3401 | D:3      | Found a bloodstained altar of Trog.
  4407 | D:4      | Reached XP level 5. HP: 47/47 MP: 5/5
  4474 | D:4      | Gained mutation: Your body sometimes deteriorates upon
                  | taking damage. [potion of mutation]
  4474 | D:4      | Gained mutation: You are agile. (Dex +4, Str/Int -1)
                  | [potion of mutation]
  4638 | D:4      | Reached skill level 5 in Fighting
  4638 | D:4      | Reached skill level 5 in Long Blades
  4707 | D:4      | Found a snail-covered altar of Cheibriados.
  4846 | D:4      | Found a hazy altar of Hepliaklqana.
  4971 | D:4      | Reached XP level 6. HP: 51/56 MP: 6/6
  5362 | D:4      | Found a shadowy altar of Dithmenos.
  5454 | D:5      | Entered Level 5 of the Dungeon
  5535 | D:4      | Reached skill level 6 in Long Blades
  6096 | D:5      | Found a staircase to the Ecumenical Temple.
  6107 | D:5      | Reached XP level 7. HP: 53/63 MP: 7/7
  6113 | Temple   | Entered the Ecumenical Temple
  6456 | D:5      | Reached skill level 7 in Long Blades
  6759 | D:5      | Found a sparkling altar of Nemelex Xobeh.
  7034 | D:5      | Reached skill level 8 in Long Blades
  7101 | D:5      | Reached XP level 8. HP: 72/73 MP: 8/8
  7126 | D:5      | Noticed Sigmund
  7135 | D:5      | Killed Sigmund
  7502 | D:6      | Reached skill level 9 in Long Blades
  7723 | D:6      | Found a radiant altar of Vehumet.
  7807 | D:6      | Found an opulent altar of Gozag.
  7942 | D:6      | Reached skill level 10 in Long Blades
  8044 | D:6      | Reached XP level 9. HP: 82/82 MP: 9/9
  8246 | D:6      | Lost mutation: Your body sometimes deteriorates upon taking
                  | damage. [potion of mutation]
  8246 | D:6      | Lost mutation: You are agile. (Dex +4, Str/Int -1) [potion
                  | of mutation]
  8246 | D:6      | Gained mutation: You passively dampen the noise of your
                  | surroundings. [potion of mutation]
  8309 | D:7      | Noticed Prince Ribbit
  8328 | D:6      | Killed Prince Ribbit
  8484 | D:7      | Found an ornate altar of the Wu Jian Council.
  8497 | D:7      | Reached skill level 11 in Long Blades
  8645 | D:7      | Found Zufiosoi's Jewellery Boutique.
  8814 | D:7      | Got the Spellbook of the Cankerous Barrage
  9059 | D:7      | Reached skill level 12 in Long Blades
  9481 | D:8      | Noticed a hornet
  9483 | D:8      | a hornet changed into a wyvern
  9888 | D:8      | Noticed a kobold demonologist
  9901 | D:8      | Killed a kobold demonologist
  9902 | D:8      | Reached XP level 10. HP: 78/91 MP: 10/10
 10039 | D:8      | Reached skill level 5 in Armour
 10203 | D:8      | Reached skill level 5 in Shields
 10663 | D:8      | Found a glowing silver altar of Zin.
 10981 | D:9      | Found a glowing golden altar of the Shining One.
 10987 | D:9      | Became a worshipper of the Shining One
 11101 | D:9      | Found a staircase to the Lair.
 11115 | D:9      | Found Cohuz's Gadget Gallery.
 11342 | D:9      | Killed an unseen horror
 11584 | D:9      | Reached skill level 13 in Long Blades
 11808 | D:9      | Found a white marble altar of Elyvilon.
 12099 | D:10     | Entered Level 10 of the Dungeon
 12104 | D:10     | Found a staircase to the Orcish Mines.
 12376 | D:10     | Reached * piety under the Shining One
 12405 | D:10     | Reached XP level 11. HP: 94/97 MP: 11/11
 12417 | D:10     | Found an ancient bone altar of Kikubaaqudgha.
 12519 | D:10     | Reached ** piety under the Shining One
 12555 | D:10     | Reached skill level 14 in Long Blades
 13459 | D:11     | Noticed a two-headed ogre
 13467 | D:11     | Killed a two-headed ogre
 13468 | D:11     | Reached skill level 10 in Fighting
 13644 | D:11     | Found a runed translucent gate.
 13644 | D:11     | Found a runed translucent gate.
 13646 | D:11     | Found a runed translucent gate.
 13646 | D:11     | Noticed Yogidamonk's ghost (journeyman MiBe)
 13666 | D:11     | Reached skill level 1 in Invocations
 13675 | D:11     | Reached skill level 1 in Dodging
 13741 | D:11     | Noticed a two-headed ogre
 13756 | D:11     | Killed a two-headed ogre
 13878 | D:11     | Noticed a boulder beetle
 13910 | D:11     | Killed a boulder beetle
 13911 | D:11     | Reached XP level 12. HP: 23/108 MP: 14/14
 15058 | Lair:1   | Entered Level 1 of the Lair of Beasts
 15073 | Lair:1   | Reached skill level 5 in Invocations
 16378 | Lair:2   | Noticed a six-headed hydra
 16378 | Lair:2   | Reached *** piety under the Shining One
 16651 | Lair:1   | Killed a six-headed hydra
 17258 | Lair:2   | Found a staircase to the Swamp.
 17269 | Lair:2   | Slain by a wyvern

Illustrated notes

Levels and vault maps discovered:
D:1:      dpeg_arrival_three_bigger_balls, layout_loops_corners
D:2:      layout_rooms
D:3:      layout_basic, nzn_overflow_gifts_of_might_and_magic,
          hellmonk_ecumenical_altar_dog_temple, hangedman_decor_clover_reticule
D:4:      layout_basic, nicolae_hepliaklqana_monster_ancestors,
          cheibriados_altar_1, kennysheep_mini
D:5:      layout_cave_pods, nemelex_spade_bored_becter,
          minmay_temple_entry_proselytizer, uniq_sigmund
D:6:      kennysheep_spiral_hall, layout_rooms, nicolae_gozag_seed_capital,
          mainiacjoe_overflow_alcove_1
D:7:      layout_rooms, mainiacjoe_overflow_alcove_4, serial_shops, shop,
          uniq_prince_ribbit1
D:8:      layout_loops_ring, zin_treasury, hangedman_decor_diamond_cutter
D:9:      layout_roguey, lemuel_crystal_altar, mainiacjoe_overflow_paths,
          lair_entry_dummy, nicolae_shop_gadgets
D:10:     layout_long_grid, lemuel_mausoleum_altar_kikubaaqudgha, orc_0_dummy
D:11:     layout_long_grid, ebering_ghost_rock_garden
Temple:   compressed_dpeg_triangle_lava_temple
Lair:1:   layout_loops_ring, ldierk_geyser
Lair:2:   layout_cellular_growth, minmay_swamp_entry_wisps,
          gammafunk_ghost_necromancy

Skill      XL: |  1  2  3  4  5  6  7  8  9 10 11 12 |
---------------+-------------------------------------+-----
Long Blades    | 3 4 5 6 8 10 12 13 14 | 14.0
Fighting       | 4 5 6 7 8 9 10 12 | 12.2
Armour         | 4 7 9 |  9.0
Shields        | 4 7 9 |  9.0
Invocations    | 3 7 |  7.7
Dodging        | 2 4 |  4.8

Action                   |  1- 3 |  4- 6 |  7- 9 | 10-12 || total
-------------------------+-------+-------+-------+-------++-------
Melee: Long sword        |   162 |   239 |    32 |       ||   433
       Scimitar          |       |       |   244 |   608 ||   852
       Dagger            |       |       |       |    36 ||    36
Throw: Dart              |       |       |    11 |    11 ||    22
Invok: Divine Shield     |       |       |       |     1 ||     1
Evoke: Wand              |       |       |     2 |     7 ||     9
  Use: Potion            |     1 |     1 |     2 |     2 ||     6
       Scroll            |       |     5 |    13 |     6 ||    24
Armor: Scale mail        |    78 |   123 |   114 |   320 ||   635
Dodge: Dodged            |   115 |   121 |   100 |   180 ||   516
Block: Buckler           |    33 |    57 |    70 |   191 ||   351

Table legend: (Time is in decaauts)
 A = Elapsed time spent in this place.
 B = Non-inter-level travel time spent in this place.
 C = Inter-level travel time spent in this place.
 D = Time resting spent in this place.
 E = Time spent auto-exploring this place.
 F = Levels seen in this place.
 G = Mean time per level.
                   A        B        C        D        E       F      G
               +--------+--------+--------+--------+--------+-----+--------+
         Total |  17164 |  16580 |    584 |   4960 |   8727 |  14 | 1226.0 |
       Dungeon |  14785 |  14309 |    476 |   4216 |   7486 |  11 | 1344.1 |
        Temple |    246 |    232 |     14 |      0 |    224 |   1 |  246.0 |
          Lair |   2131 |   2037 |     94 |    744 |   1017 |   2 | 1065.5 |
               +--------+--------+--------+--------+--------+-----+--------+

Top non-repeatable levels by time:
     D:4: 2013 daAuts
     D:3: 1869 daAuts
  Lair:1: 1813 daAuts
    D:11: 1595 daAuts
     D:8: 1472 daAuts
     D:1: 1362 daAuts
     D:5: 1252 daAuts
     D:9: 1234 daAuts
    D:10: 1170 daAuts
     D:6: 1018 daAuts
     D:7: 1013 daAuts
     D:2: 783 daAuts
  Lair:2: 318 daAuts
  Temple: 246 daAuts
